 Dungeon Crawl Stone Soup version 0.28-a0-536-g4f1c8046e5 (webtiles) character file.

Game seed: 16523527219283916713

217998 Majang the Severer (level 19, -2/136 (157) HPs)
             Began as a Human Berserker on Sept 25, 2021.
             Was the Champion of Trog.
             Slain by a merfolk (14 damage)
             ... on level 2 of the Shoals on Sept 27, 2021.
             The game lasted 03:04:31 (33254 turns).

Majang the Severer (Human Berserker)               Turns: 33254, Time: 03:04:31

HP:   -2/136 (157)  AC: 27    Str: 24    XL:     19   Next: 84%
MP:   17/17         EV: 21    Int: 10    God:    Trog [******]
Gold: 721           SH:  0    Dex: 16    Spells: 18/18 levels left

rFire   + . .      SeeInvis .   E - +10 battleaxe "Qufis" {flame, rElec Dex+4}
rCold   . . .      Faith    .   (shield currently unavailable)
rNeg    . . .      Spirit   .   Y - +3 chain mail {rF+}
rPois   .          Reflect  .   e - +1 helmet
rElec   +          Harm     .   y - +2 cloak
rCorr   .          Rampage  .   H - +0 pair of gloves
Will    +....                   t - +1 pair of boots
Stlth   ..........              x - amulet of regeneration
HPRegen 1.32/turn               r - ring of flight
MPRegen 0.15/turn               p - +4 ring of evasion

@: lethally poisoned (-2 -> -4), spiked, on berserk cooldown, flying, slowed,
studying 2 skills, heavily drained, very slow
A: low mp 1
}: 1/15 runes: serpentine
a: Renounce Religion, Berserk, Trog's Hand, Brothers in Arms


You were on level 2 of the Shoals.
You worshipped Trog.
Trog was exalted by your worship.
You visited 6 branches of the dungeon, and saw 30 of its levels.
You also visited: Gauntlet, Ice Cave and Volcano.

You collected 3441 gold pieces.
You spent 2720 gold pieces at shops.

Inventory:

Hand Weapons
 a - a +9 executioner's axe of flaming
 b - a +4 vorpal executioner's axe
 E - the +10 battleaxe "Qufis" (weapon) {flame, rElec Dex+4}
   (Trog gifted it to you on level 4 of the Snake Pit)

   It burns those it strikes, dealing additional fire damage.
   Big, fiery blades are also staple armaments of hydra-hunters.
   Dex:       It affects your dexterity (+4).
   rElec:     It insulates you from electricity.
 S - the +9 broad axe of Syad {vorpal, rC++ Str+4}
   (Trog gifted it to you on level 3 of the Snake Pit)

   It inflicts extra damage upon your enemies.
   Str:       It affects your strength (+4).
   rC:        It greatly protects you from cold.
Missiles
 d - 15 boomerangs (quivered)
 v - 14 silver javelins
 J - 21 javelins
Armour
 e - a +1 helmet (worn)
 t - a +1 pair of boots (worn)
 y - a +2 cloak (worn)
 A - +0 swamp dragon scales
 D - a +3 chain mail of cold resistance
 H - a +0 pair of gloves (worn)
 O - a +1 plate armour of willpower
 Y - a +3 chain mail of fire resistance (worn)
Jewellery
 i - the ring of Gibrolub {rC+ rCorr Int-2}
   (You found it in a Gauntlet)

   [ring of protection from cold]

   Int:       It affects your intelligence (-2).
   rC:        It protects you from cold.
   rCorr:     It protects you from acid and corrosion.
 k - the ring of Daerhiw {rF+ rC++ Str+6}
   (You found it in a Gauntlet)

   [ring of strength]

   Str:       It affects your strength (+6).
   rF:        It protects you from fire.
   rC:        It greatly protects you from cold.
 p - a +4 ring of evasion (right hand)
 r - a ring of flight (left hand)
 x - an amulet of regeneration (around neck)
 N - a ring of see invisible
Wands
 f - a wand of flame (55)
 u - a wand of iceblast (73)
 C - a wand of acid (2)
 F - a wand of mindburst (36)
 W - a wand of digging (5)
Scrolls
 j - 9 scrolls of fear
 l - 10 scrolls of identify
 n - 2 scrolls of enchant armour
 o - 15 scrolls of teleportation
 z - 3 scrolls of holy word
 B - 3 scrolls of magic mapping
 G - 4 scrolls of blinking
 M - 3 scrolls of fog
 P - 2 scrolls of immolation
 R - a scroll of enchant weapon
Potions
 c - 4 potions of haste
 g - 13 potions of curing
 h - 4 potions of attraction
 q - 6 potions of mutation
 s - 2 potions of flight
 I - 7 potions of might
 K - 6 potions of heal wounds
 L - 2 potions of cancellation
 Q - 2 potions of resistance
 Z - a potion of ambrosia
Miscellaneous
 m - a condenser vane
 w - a phial of floods
 T - a tin of tremorstones (2/2)


   Skills:
 + Level 15.8 Fighting
 * Level 18.9 Axes
 + Level 13.2 Throwing
 + Level 15.9 Armour
 + Level 16.5 Dodging
 + Level 12.9 Evocations


You had 18 spell levels left.
You didn't know any spells.
Your spell library was empty.

Dungeon Overview and Level Annotations

Branches:
Dungeon (15/15)            Temple (1/1) D:5            Lair (6/6) D:8
 Shoals (2/4) Lair:2        Snake (4/4) Lair:2        Slime (0/5) Lair:6
    Orc (2/2) D:9             Elf (0/3) Orc:2        Vaults (0/5) D:14
 Depths (0/4) D:15          IceCv (visited)         Volcano (visited)
Gauntlet (visited)

Altars:
Ashenzari
Cheibriados
Dithmenos
Elyvilon
Fedhas
Gozag
Hepliaklqana
Kikubaaqudgha
Makhleb
Nemelex Xobeh
Okawaru
Qazlal
Ru
Sif Muna
Trog
Uskayaw
Vehumet
Wu Jian
Xom
Yredelemnul
Zin
The Shining One
Beogh

Shops:
D:14 *   Orc:1 *   Orc:2 (*:?*   Snake:2 :=:

Annotations:
Shoals:2 Ilsuiw


Innate Abilities, Weirdness & Mutations

Your magical capacity is low. (-10% MP)


Message History

The merfolk impaler is severely wounded.
You slash the merfolk! You burn the merfolk.
You feel sick.
The merfolk impaler hits you but does no damage.
You are more poisoned.
The merfolk misses you. The merfolk closely misses you.
The manticore flicks its tail.
The volley of spikes hits you!
The barbed spikes become lodged in your body.
You miss the merfolk impaler.
The merfolk impaler is severely wounded.
You slice the merfolk!! You burn the merfolk!
You feel the power of Trog in you as your rage grows.
You kill the merfolk!
Trog accepts your kill.
You hear a splash.
You feel sick. The merfolk impaler closely misses you.
You cut the merfolk impaler into ribbons!!!
You burn the merfolk impaler.
You kill the merfolk impaler!
Trog accepts your kill.
You feel sick. Something barely misses you. The merfolk completely misses you.
Unknown command.
Okay, then.
You feel very sick. Something hits you!
* * * LOW HITPOINT WARNING * * *
Something freezes you.
* * * LOW HITPOINT WARNING * * *
You feel a strong urge to attack something.
You feel sick. The merfolk misses you.
The merfolk siren completely misses you.
You are no longer berserk.
You are exhausted.
You feel yourself slow down.
You feel sick.
The manticore flicks its tail.
The volley of spikes hits you!!
The barbed spikes become lodged in your body.
* * * LOW HITPOINT WARNING * * *
The merfolk hits you from afar with a +1 trident of freezing!
You die...

....≈....#.. #.≈≈≈≈≈≈≈≈
.≈.........## #..≈≈...)≈
≈≈≈≈..(.....# ##....###)≈
≈..≈≈≈......# ##.)≈≈.##..≈
≈..≈≈≈..≈≈..###).)≈≈..#.≈≈
≈≈.≈≈...#....#)..)..≈..≈≈.
≈≈.≈≈...##.......)≈....≈≈≈
≈≈!.≈≈.m..().≈......###...
≈≈.≈≈≈.{)@.m≈≈≈.≈...# #...
≈m≈≈≈Emm..)≈≈≈..†...###...
≈≈≈≈≈E.H..≈≈≈.(†≈.≈≈......
≈≈≈≈≈≈≈....≈...†≈≈≈≈≈.....
≈≈≈≈≈≈.....≈...≈≈≈≈≈≈≈≈≈..
≈≈≈..≈......≈≈≈≈≈≈≈≈≈≈..
..≈........≈≈≈≈≈≈≈≈≈≈...
...........≈≈≈≈≈≈≈≈≈≈..
....≈≈≈≈≈≈≈≈≈≈≈≈.


You could see a merfolk impaler, 2 merfolk, a manticore, 2 water elementals and
a merfolk siren.

Vanquished Creatures
  Rupert (D:14)
  A lich (IceCv)
  Kirke (Snake:3)
  9 nagarajas
  2 very ugly things (IceCv)
  A red draconian (Volcano)
  A minotaur (Gauntlet)
  A merfolk javelineer (Shoals:2)
  Snorg (D:11)
  5 merfolk impalers (Shoals:2)
  2 fire dragons
  Fannar (D:11)
  12 naga warriors
  12 hydras
  Erolcha (Orc:1)
  2 boulder beetles
  6 salamander tyrants (Snake:4)
  3 caustic shrike simulacra (IceCv)
  Harold (D:11)
  An ogre mage (D:14)
  A quicksilver dragon skeleton (D:15)
  3 merfolk aquamancers (Shoals:2)
  A catoblepas (D:13)
  Erica (D:9)
  8 centaur warriors
  A death knight (D:14)
  A satyr (Shoals:1)
  5 two-headed ogres
  5 death yaks
  7 anacondas
  2 death scarabs (Gauntlet)
  2 tengu warriors
  2 alligator snapping turtles (Shoals:2)
  Urug (D:14)
  8 orc high priests (Orc:2)
  9 naga sharpshooters
  2 shock serpents
  11 skeletal warriors
  Sonja (Orc:1)
  2 salamander mystics
  7 sea snakes
  An obsidian statue (IceCv)
  2 lindwurms
  3 wizards
  A spectral hydra (Gauntlet)
  Pikel (D:5)
  3 bog bodies (IceCv)
  8 naga ritualists
  A shadow dragon zombie (D:15)
  8 harpies
  6 phantasmal warriors
  3 wolf spiders
  13 ugly things
  An orc sorcerer (Orc:1)
  2 deep elf pyromancers (D:15)
  2 necromancers
  13 fauns
  3 mana vipers
  5 salamanders
  5 cyclopes
  4 manticores
  The ghost of Conn the Sneak, a novice OpFE of Sif Muna (D:6)
  5 merfolk sirens
  A frost giant skeleton (D:15)
  12 guardian serpents
  15 naga magi
  6 elephants
  37 black mambas
  Maggie (D:8)
  4 torpor snails (Lair:6)
  A gargoyle (D:12)
  2 unseen horrors
  18 freezing wraiths
  An efreet (Gauntlet)
  20 cane toads
  Psyche (D:11)
  2 kobold demonologists (D:13)
  2 rime drakes (Lair:5)
  An entropy weaver simulacrum (IceCv)
  12 komodo dragons
  6 yaktaurs
  A queen bee (Lair:5)
  4 anaconda simulacra (IceCv)
  3 ice devils (IceCv)
  4 meliai
  15 merfolk
  3 polar bears
  7 trolls
  3 wind drakes
  3 tyrant leeches (Lair:6)
  9 hornets (Lair:6)
  13 blink frogs
  6 slime creatures
  A blink frog (shapeshifter) (D:14)
  7 snapping turtles
  An ettin zombie (D:15)
  9 dream sheep
  A centaur simulacrum (D:14)
  2 water elementals
  17 wyverns
  A vampire (D:11)
  A redback (Lair:6)
  2 dire elephant simulacra (IceCv)
  Sigmund (D:2)
  2 fire elementals (Gauntlet)
  A spectral black mamba (Gauntlet)
  2 wraiths
  A yak (shapeshifter) (D:14)
  The ghost of GordonOverkill the Grave Robber, an amateur FeNe (D:5)
  Eustachio (D:6)
  5 hogs (Snake:3)
  51 yaks
  11 basilisks
  A minotaur simulacrum (IceCv)
  A spectral komodo dragon (Gauntlet)
  12 humans (D:14)
  9 vampire mosquitoes
  Menkaure (D:6)
  2 harpy simulacra (IceCv)
  3 wargs (Orc:2)
  A spectral cane toad (Gauntlet)
  32 nagas
  23 water moccasins
  2 acid dragons
  A hell hound (Gauntlet)
  A hydra simulacrum (IceCv)
  Duvessa (D:7)
  An ice beast (D:7)
  7 orc warriors
  2 sky beasts
  2 ettin simulacra (IceCv)
  A swamp drake (Lair:1)
  An alligator simulacrum (IceCv)
  2 black bears (shapeshifter)
  3 black bears
  A necrophage (D:7)
  4 ogres
  14 wolves
  2 lemures
  17 centaurs
  14 kobold brigands
  18 bullfrogs
  A deep troll simulacrum (IceCv)
  Dowan (D:7)
  2 wyvern skeletons
  41 killer bees
  6 lindwurm simulacra (IceCv)
  15 wights (D:9)
  A howler monkey (D:10)
  4 electric eels
  7 centaur zombies
  4 crimson imps (D:12)
  A jelly (D:5)
  7 hounds
  Crazy Yiuf (D:5)
  37 orc priests
  An iron imp (D:8)
  12 orc wizards
  4 iguanas
  5 hell rats (Lair:5)
  A killer bee zombie (D:8)
  7 gnolls (D:7)
  8 adders
  2 shadow imps (D:7)
  An ufetubus (D:5)
  3 dart slugs
  83 orcs
  2 bats (D:1)
  3 endoplasms
  A giant cockroach (D:1)
  13 goblins
  5 hobgoblins
  2 jackals (D:4)
  A quokka (D:5)
  7 ball pythons
  2 frilled lizards
  38 kobolds
  3 rats
1077 creatures vanquished.

Vanquished Creatures (collateral kills)
  Jorgrun (Orc:2)
  A hydra (D:14)
  A fire crab (D:14)
  A deep troll (D:14)
  A lindwurm (Lair:6)
  A salamander (Snake:4)
  A torpor snail (Lair:6)
  4 humans (D:14)
11 creatures vanquished.

Vanquished Creatures (others)
  A faun (Shoals:1)
  A kobold (D:8)
  54 fungi
  116 plants
  A withered plant (D:15)
173 creatures vanquished.

Grand Total: 1261 creatures vanquished

Notes
Turn   | Place    | Note
-------+----------+-------------------------------------------
     0 | D:1      | Majang the Human Berserker began the quest for the Orb.
     0 | D:1      | Reached XP level 1. HP: 18/18 MP: 1/1
   386 | D:1      | Reached XP level 2. HP: 23/24 MP: 2/2
   612 | D:1      | Found a faded altar of an unknown god.
  1185 | D:2      | Noticed Sigmund
  1193 | D:2      | Killed Sigmund
  1194 | D:2      | Reached skill level 5 in Axes
  1194 | D:2      | Reached XP level 3. HP: 30/30 MP: 3/3
  1194 | D:2      | Reached XP level 4. HP: 37/37 MP: 4/4
  1194 | D:2      | Reached XP level 5. HP: 42/42 MP: 5/5
  1461 | D:2      | Found a shimmering blue altar of Sif Muna.
  1800 | D:3      | Found a broken altar of Ashenzari.
  1829 | D:3      | Reached XP level 6. HP: 48/48 MP: 6/6
  1848 | D:3      | Reached ** piety under Trog
  1858 | D:3      | You fall into a shaft and drop 2 floors!
  1858 | D:5      | Entered Level 5 of the Dungeon
  1858 | D:5      | Found an ancient bone altar of Kikubaaqudgha.
  2013 | D:5      | Reached skill level 1 in Throwing
  2095 | D:5      | Noticed Pikel
  2119 | D:4      | Noticed an ogre
  2124 | D:4      | Killed an ogre
  2207 | D:4      | Reached XP level 7. HP: 55/55 MP: 7/7
  2409 | D:3      | Found a hide-covered altar of Uskayaw.
  2700 | D:3      | Found a white marble altar of Elyvilon.
  3265 | D:4      | Reached skill level 6 in Axes
  3730 | D:5      | Reached XP level 8. HP: 61/61 MP: 8/8
  3765 | D:5      | Reached skill level 1 in Evocations
  3774 | D:5      | Found a runed translucent gate.
  3774 | D:5      | Found a runed translucent gate.
  3774 | D:5      | Found a runed translucent gate.
  3798 | D:5      | Reached skill level 5 in Fighting
  3823 | D:5      | Reached *** piety under Trog
  3848 | D:5      | Paralysed by Pikel for 5 turns
  3868 | D:5      | Killed Pikel
  3869 | D:5      | Reached skill level 7 in Axes
  4083 | D:5      | Found a runed translucent door.
  4084 | D:5      | Noticed Crazy Yiuf
  4091 | D:5      | Killed Crazy Yiuf
  4092 | D:5      | Reached XP level 9. HP: 68/68 MP: 9/9
  4129 | D:5      | Identified the +1 mace "Dopemn" {speed, rElec rPois}
  4191 | D:5      | Noticed GordonOverkill's ghost (amateur FeNe)
  4197 | D:5      | Killed GordonOverkill's ghost
  4232 | D:5      | Found a staircase to the Ecumenical Temple.
  4238 | Temple   | Entered the Ecumenical Temple
  4807 | D:6      | Noticed Eustachio
  4824 | D:6      | Killed Eustachio
  5297 | D:6      | Noticed Menkaure
  5301 | D:6      | Killed Menkaure
  5470 | D:6      | Identified the +0 cloak of Watchfulness {rC+}
  5495 | D:6      | Reached skill level 8 in Axes
  5993 | D:6      | Found a runed translucent gate.
  5993 | D:6      | Found a runed translucent gate.
  5993 | D:6      | Found a runed translucent gate.
  5994 | D:6      | Noticed Conn's ghost (novice OpFE)
  6494 | D:7      | Reached **** piety under Trog
  6714 | D:7      | Noticed Duvessa
  6723 | D:6      | Reached skill level 5 in Armour
  6723 | D:6      | Reached XP level 10. HP: 64/76 MP: 10/10
  6735 | D:7      | Noticed Dowan
  6743 | D:7      | Killed Duvessa
  6754 | D:7      | Reached skill level 5 in Dodging
  6754 | D:7      | Killed Dowan
  6933 | D:7      | Found a glowing golden altar of the Shining One.
  6957 | D:7      | Reached skill level 9 in Axes
  7462 | D:7      | Found a shadowy altar of Dithmenos.
  7560 | D:8      | Identified a scroll of acquirement
  7560 | D:8      | Acquired a manual of Dodging
  7703 | D:8      | Reached skill level 5 in Throwing
  7751 | D:8      | Reached ***** piety under Trog
  7832 | D:8      | Found a staircase to the Lair.
  7983 | D:8      | Found a snail-covered altar of Cheibriados.
  8300 | D:8      | Noticed Maggie
  8333 | D:8      | Killed Maggie
  8334 | D:8      | Reached XP level 11. HP: 47/82 MP: 11/11
  8661 | D:9      | Reached skill level 5 in Evocations
  8935 | D:9      | Found a hazy altar of Hepliaklqana.
  8997 | D:9      | Reached skill level 10 in Axes
  9461 | D:9      | Noticed Erica
  9554 | D:9      | Killed Erica
  9612 | D:9      | Found a staircase to the Orcish Mines.
  9694 | D:10     | Entered Level 10 of the Dungeon
  9774 | D:10     | Found a burning altar of Makhleb.
 10275 | D:10     | Noticed a two-headed ogre
 10281 | D:10     | Killed a two-headed ogre
 10288 | D:10     | Found a sacrificial altar of Ru.
 10513 | D:11     | Noticed a two-headed ogre
 10520 | D:11     | Killed a two-headed ogre
 10521 | D:11     | Reached XP level 12. HP: 92/92 MP: 12/12
 10623 | D:11     | Reached skill level 11 in Axes
 10674 | D:11     | Noticed Psyche
 10678 | D:11     | Killed Psyche
 10733 | D:11     | Noticed a two-headed ogre
 10739 | D:11     | Killed a two-headed ogre
 10907 | D:11     | Noticed Harold
 10920 | D:11     | Killed Harold
 11146 | D:11     | Noticed Fannar
 11169 | D:11     | Killed Fannar
 11232 | D:11     | Noticed Snorg
 11246 | D:11     | Killed Snorg
 11319 | D:11     | Noticed a six-headed hydra
 11336 | D:11     | Killed a six-headed hydra
 12077 | D:12     | Received a gift from Trog
 12084 | D:12     | Reached skill level 12 in Axes
 12109 | D:12     | Found a shimmering altar of Xom.
 12171 | D:12     | Reached XP level 13. HP: 100/100 MP: 13/13
 12177 | D:12     | Noticed a seven-headed hydra
 12189 | D:12     | Killed a three-headed hydra
 12232 | D:12     | Reached skill level 10 in Dodging
 12364 | Lair:1   | Entered Level 1 of the Lair of Beasts
 13335 | Lair:2   | Found a staircase to the Snake Pit.
 13458 | Lair:2   | Found a staircase to the Shoals.
 14307 | Lair:3   | Reached ****** piety under Trog
 14453 | Lair:3   | Reached skill level 13 in Axes
 14749 | Lair:3   | Reached XP level 14. HP: 98/109 MP: 14/14
 15130 | Lair:4   | Received a gift from Trog
 15994 | Lair:5   | Reached skill level 10 in Fighting
 16313 | Lair:5   | Found a dark tunnel.
 16323 | Volcano  | Entered a volcano
 16369 | Volcano  | Noticed a red draconian
 16385 | Volcano  | Killed a red draconian
 16723 | Lair:5   | Reached skill level 14 in Axes
 17416 | Lair:6   | Entered Level 6 of the Lair of Beasts
 17428 | Lair:5   | Received a gift from Trog
 17511 | Lair:6   | Reached XP level 15. HP: 97/117 MP: 15/15
 17712 | Lair:6   | Reached skill level 10 in Armour
 17958 | Lair:6   | Acquired a manual of Armour
 18040 | Lair:6   | Found a runed translucent door.
 18129 | Lair:6   | Reached skill level 10 in Throwing
 18285 | Lair:6   | Found a staircase to the Slime Pits.
 18608 | Lair:6   | Paralysed by a hornet for 1 turns
 18639 | Lair:6   | Reached skill level 15 in Axes
 19344 | D:6      | Killed Conn's ghost
 19539 | D:9      | Received a gift from Trog
 19552 | Orc:1    | Entered Level 1 of the Orcish Mines
 19562 | Orc:1    | Noticed Erolcha
 19571 | Orc:1    | Killed Erolcha
 19674 | Orc:2    | Entered Level 2 of the Orcish Mines
 19674 | Orc:2    | Found a gate leading to a gauntlet.
 19680 | Gauntlet | Entered a Gauntlet
 19680 | Gauntlet | Found a transporter.
 19680 | Gauntlet | Found a transporter.
 19680 | Gauntlet | Found a transporter.
 19689 | Gauntlet | Found a transporter.
 19691 | Gauntlet | Found a large runed translucent door.
 19692 | Gauntlet | Found a large runed translucent door.
 19693 | Gauntlet | Found a large runed translucent door.
 19693 | Gauntlet | Found a large runed translucent door.
 19693 | Gauntlet | Found a runed translucent door.
 19693 | Gauntlet | Found a runed translucent door.
 19694 | Gauntlet | Found a large runed translucent door.
 19695 | Gauntlet | Found a large runed translucent door.
 19695 | Gauntlet | Found a large runed translucent door.
 19695 | Gauntlet | Found a large runed translucent door.
 19696 | Gauntlet | Found a large runed translucent door.
 19697 | Gauntlet | Found a transporter.
 19697 | Gauntlet | Found a large runed translucent door.
 19698 | Gauntlet | Found a large runed translucent door.
 19698 | Gauntlet | Found a large runed translucent door.
 19699 | Gauntlet | Found a large runed translucent door.
 19699 | Gauntlet | Found a large runed translucent door.
 19699 | Gauntlet | Found a large runed translucent door.
 19699 | Gauntlet | Found a large runed translucent door.
 19702 | Gauntlet | Found a runed translucent gate.
 19702 | Gauntlet | Found a runed translucent gate.
 19702 | Gauntlet | Found a runed translucent gate.
 19704 | Gauntlet | Found a transporter.
 19720 | Gauntlet | Found a transporter.
 19737 | Gauntlet | Found a transporter.
 19750 | Gauntlet | Found a transporter.
 19758 | Gauntlet | Found a transporter.
 19825 | Gauntlet | Found a transporter.
 19874 | Gauntlet | Found a transporter.
 19963 | Gauntlet | Identified the ring of Daerhiw {rF+ rC++ Str+6}
 20093 | Gauntlet | Identified the ring of Gibrolub {rC+ rCorr Int-2}
 20206 | Gauntlet | Identified the +0 robe "Potosmiw" {Dex+3 Archmagi}
 20715 | Orc:2    | Found Loastil's Weapon Shop.
 20739 | Orc:1    | Noticed Sonja
 20742 | Orc:1    | Killed Sonja
 20743 | Orc:1    | Reached skill level 10 in Evocations
 20861 | Orc:1    | Found Rikhli's Assorted Antiques.
 20869 | Orc:1    | Bought a potion of might for 112 gold pieces
 20869 | Orc:1    | Bought a scroll of identify for 56 gold pieces
 20869 | Orc:1    | Bought a scroll of fog for 56 gold pieces
 20869 | Orc:1    | Bought 2 scrolls of teleportation for 168 gold pieces
 20869 | Orc:1    | Bought a scroll of magic mapping for 98 gold pieces
 21078 | Orc:2    | Reached XP level 16. HP: 108/123 MP: 16/16
 21162 | Orc:2    | Found Onenwef's Book Emporium.
 21194 | Orc:2    | Found Ytsef's General Store.
 21231 | Orc:2    | Bought a potion of haste for 130 gold pieces
 21231 | Orc:2    | Bought a wand of iceblast (15) for 247 gold pieces
 21388 | Orc:2    | Found a staircase to the Elven Halls.
 21452 | Orc:2    | Found Loopp's Magic Scroll Boutique.
 21461 | Orc:2    | Gained mutation: Your magical capacity is low. (-10% MP) [a
                  | neqoxec]
 21492 | Orc:2    | Found Zaulagri's General Store.
 21531 | Orc:2    | Bought a potion of heal wounds for 80 gold pieces
 21531 | Orc:2    | Bought a +1 plate armour of willpower for 560 gold pieces
 21531 | Orc:2    | Bought a potion of mutation for 128 gold pieces
 21550 | Orc:2    | Bought a scroll of acquirement for 728 gold pieces
 21550 | Orc:2    | Bought a scroll of blinking for 105 gold pieces
 21550 | Orc:2    | Bought a scroll of blinking for 105 gold pieces
 21551 | Orc:2    | Acquired a manual of Fighting
 21752 | Orc:2    | Noticed Jorgrun
 21759 | Orc:2    | Killed Jorgrun
 22653 | Snake:1  | Entered Level 1 of the Snake Pit
 22670 | Snake:1  | HP: 7/190 [phantasmal warrior (22)]
 22672 | Snake:1  | HP: 1/190 [phantasmal warrior (8)]
 22673 | Snake:1  | Received a gift from Trog
 23713 | Snake:1  | Reached skill level 16 in Axes
 24381 | Snake:2  | Noticed a nagaraja
 24390 | Snake:2  | Killed a nagaraja
 24887 | Snake:2  | Found Madui's Book Shoppe.
 24887 | Snake:2  | Found Diazxuz's Jewellery Shop.
 24888 | Snake:2  | Found Dossioda's Book Shoppe.
 25124 | Snake:3  | Reached XP level 17. HP: 128/135 MP: 15/15
 25133 | Snake:3  | Identified the +9 broad axe of Syad {vorpal, rC++ Str+4}
                  | (Trog gifted it to you on level 3 of the Snake Pit)
 25133 | Snake:3  | Received a gift from Trog
 25152 | Snake:3  | Reached skill level 15 in Dodging
 25792 | Snake:3  | Noticed Kirke
 25908 | Snake:3  | Killed Kirke
 26164 | Snake:4  | Entered Level 4 of the Snake Pit
 27273 | Snake:4  | Reached skill level 17 in Axes
 27451 | Snake:4  | Identified the +10 battleaxe "Qufis" {flame, rElec Dex+4}
                  | (Trog gifted it to you on level 4 of the Snake Pit)
 27451 | Snake:4  | Received a gift from Trog
 27549 | Snake:4  | Reached XP level 18. HP: 68/145 MP: 16/16
 27631 | Snake:4  | Got a serpentine rune of Zot
 27911 | Lair:1   | Upgraded the game from 0.28-a0-533-g9f97627e2a to
                  | 0.28-a0-536-g4f1c8046e5
 28709 | D:14     | Noticed Rupert
 28709 | D:14     | Noticed Urug
 28709 | D:14     | Found a gate to the Vaults.
 28714 | D:14     | Received a gift from Trog
 28717 | D:14     | Killed Rupert
 28718 | D:14     | Killed Urug
 28784 | D:14     | Found Katukumu's General Store.
 28821 | D:14     | Found a frozen archway.
 28845 | IceCv    | Entered an ice cave
 29055 | IceCv    | Found the +4 skin of Zhor {*Englaciate rC+++ SInv}
 29130 | IceCv    | Noticed a lich
 29137 | IceCv    | Killed a lich
 29223 | IceCv    | Found an ancient bone altar of Kikubaaqudgha.
 29534 | D:14     | Reached skill level 18 in Axes
 29651 | D:14     | Identified the ring "Davebu Gaev" {rN+ Will++ Str-2 Int+3
                  | Stlth+}
 29670 | D:14     | Received a gift from Trog
 29992 | D:14     | Reached skill level 15 in Armour
 29992 | D:14     | Reached XP level 19. HP: 154/154 MP: 17/17
 30097 | D:14     | Identified a ring "Kysufymadgh" {rElec rCorr EV+4}
 30119 | D:14     | Bought a scroll of enchant armour for 105 gold pieces
 30119 | D:14     | Bought a potion of curing for 42 gold pieces
 30184 | D:15     | Entered Level 15 of the Dungeon
 30270 | D:15     | Reached skill level 15 in Fighting
 30608 | D:15     | Found a staircase to the Depths.
 31607 | Shoals:1 | Entered Level 1 of the Shoals
 32035 | Shoals:1 | Received a gift from Trog
 33234 | Shoals:2 | Noticed Ilsuiw
 33254 | Shoals:2 | Slain by a merfolk

Illustrated notes

Levels and vault maps discovered:
D:1:      psy_arrival_heroes, layout_basic, hellmonk_ecumenical_altar_lost_god
D:2:      layout_basic, basic_altar, minivault_27, uniq_sigmund
D:3:      layout_basic, elyvilon_altar_1, mainiacjoe_overflow_catch_the_wave
D:4:      layout_loops_ring
D:5:      layout_basic, overflow_temple_1_default,
          minmay_temple_entry_enclosed_plants, ebering_ghost_rock_garden,
          chequers_serial_rivers_room_a, uniq_pikel, uniq_crazy_yiuf_cottage
D:6:      kennysheep_kobold_camp, layout_basic, gammafunk_ghost_nasty_kobolds,
          minmay_misc_feat_rugged, supply_closet_lemuel, uniq_menkaure,
          uniq_eustachio
D:7:      layout_loops_ring, overflow_temple_1_default,
          mainiacjoe_overflow_alcove_4, uniq_duvessa
D:8:      layout_basic, chei_slow_surprise, erik_lair_island,
          kennysheep_generic_room_7, uniq_maggie
D:9:      layout_long_grid, nzn_hepliaklqana_mist_gate, erik_orc_2, uniq_erica
D:10:     layout_basic, marbit_many_paths, bloody_makhleb,
          amcnicky_mini_rare_corridor_liquid
D:11:     layout_loops_cross, kennysheep_cluttered_room, uniq_psyche,
          uniq_fannar, uniq_snorg, uniq_harold
D:12:     layout_cave_pools, serial_rivers, chequers_serial_rivers_small_3,
          chequers_serial_rivers_room_a, chequers_serial_rivers_micro_d,
          chequers_serial_rivers_room_b, chequers_serial_rivers_large_b,
          chequers_serial_rivers_large_a, hangedman_glass_teeth, led_xom_imps
D:13:     layout_cave_pools
D:14:     minmay_the_grid_octo_triangle [minmay_the_grid_octo_pinwheel,
          minmay_the_grid_octo_prize_square_snowflake,
          minmay_the_grid_octo_fan_narrow], layout_loops_ring, david_vaults_3,
          serial_shops, shop, portal_ice_cave_entry_frozen_things,
          minmay_tree_intersection
D:15:     gammafunk_depths_entry_grave, layout_stronghold,
          chequers_serial_rivers_small_b
Temple:   minmay_temple_forest_path
Lair:1:   layout_chaotic_city, hibernation_bobbens
Lair:2:   layout_small_grid, elwin_shoals_entry_stream, dummy_snake_entry,
          grunt_megastairs_1
Lair:3:   layout_long_grid
Lair:4:   layout_hall_layers, fungi_pond_lemuel
Lair:5:   regret_index_tunnel_blossom, layout_gridlike,
          lightli_volcano_entry_magma_tube
Lair:6:   hangedman_lair_tendril_chambers, layout_big_grid, wormcave,
          dpeg_slime_entry_corner
Shoals:1: layout_shoals, nicolae_shoals_shepherds
Shoals:2: cheibrodos_shoals_epimethial_gifts, layout_shoals, uniq_ilsuiw
Snake:1:  layout_chambers, nicolae_snake_ghostly_warrior_ritual
Snake:2:  layout_cave_town, minmay_shop_grove
Snake:3:  layout_misc_corridors, special_room, uniq_kirke
Snake:4:  snake_hunt, layout_cave_town, grunt_ministairs_12
Orc:1:    layout_caves, serial_shops, shop, uniq_sonja, uniq_urug, uniq_erolcha
Orc:2:    st_orc_town, layout_caves, serial_shops, shop, gauntlet_entry_generic,
          library_closet, minmay_orc_temple_b, uniq_jorgrun

Skill      XL: |  1  2  3  4  5  6  7  8  9 10 11 12 13 14 15 16 17 18 19 |
---------------+----------------------------------------------------------+-----
Fighting       | 4 5 6 7 8 9 10 11 12 13 14 15 | 15.8
Axes           | 5 6 7 8 9 10 12 13 14 15 16 17 18 | 18.9
Throwing       | 1 2 3 4 5 6 7 8 9 10 11 12 13 | 13.2
Armour         | 3 4 5 6 7 8 9 11 12 13 15 | 15.9
Dodging        | 3 4 6 8 9 11 12 13 14 15 16 | 16.5
Evocations     | 2 3 4 6 7 8 9 10 11 12 | 12.9

Action                   |  1- 3 |  4- 6 |  7- 9 | 10-12 | 13-15 | 16-18 | 19-21 || total
-------------------------+-------+-------+-------+-------+-------+-------+-------++-------
Melee: Hand axe          |    67 |   100 |    19 |    61 |       |       |       ||   247
       War axe           |       |       |   325 |   265 |       |       |       ||   590
       Battleaxe         |       |       |       |   295 |   874 |   307 |   363 ||  1839
       Morningstar       |       |       |       |    10 |       |       |       ||    10
       Executioner's axe |       |       |       |       |    81 |   537 |       ||   618
Throw: Dart              |       |       |     3 |     6 |     1 |       |       ||    10
       Boomerang         |       |       |     3 |       |    93 |   116 |    18 ||   230
       Javelin           |       |       |       |       |     2 |     3 |       ||     5
Invok: Berserk           |     1 |     3 |     6 |    11 |     6 |     7 |     3 ||    37
       Trog's Hand       |       |       |     1 |       |     3 |     2 |       ||     6
       Brothers in Arms  |       |       |       |       |     2 |     4 |       ||     6
Evoke: Wand              |       |       |     3 |    23 |     3 |     9 |     2 ||    40
       Condenser vane    |       |       |       |       |     1 |     4 |       ||     5
  Use: Scroll            |       |       |       |    25 |    13 |     4 |     2 ||    44
       Potion            |       |       |       |       |     1 |     6 |       ||     7
Armor: Animal skin       |    15 |       |       |       |       |       |       ||    15
       Chain mail        |    34 |       |   213 |   158 |    77 |    82 |   171 ||   735
       Ring mail         |       |    30 |     4 |       |       |       |       ||    34
       Swamp dragon scal |       |       |       |   123 |   293 |   221 |       ||   637
       Troll leather arm |       |       |       |    55 |    35 |       |       ||    90
       Plate armour      |       |       |       |       |       |    24 |       ||    24
Dodge: Dodged            |    33 |    64 |   275 |   612 |  1072 |   917 |   320 ||  3293

Table legend: (Time is in decaauts)
 A = Elapsed time spent in this place.
 B = Non-inter-level travel time spent in this place.
 C = Inter-level travel time spent in this place.
 D = Time resting spent in this place.
 E = Time spent auto-exploring this place.
 F = Levels seen in this place.
 G = Mean time per level.
                   A        B        C        D        E       F      G
               +--------+--------+--------+--------+--------+-----+--------+
         Total |  33749 |  30992 |   2757 |   4436 |  14568 |  33 | 1022.7 |
       Dungeon |  16595 |  14829 |   1766 |   1894 |   8671 |  15 | 1106.3 |
        Temple |    368 |    343 |     25 |      0 |    317 |   1 |  368.0 |
          Lair |   7083 |   6560 |    523 |    776 |   3041 |   6 | 1180.5 |
        Shoals |   1593 |   1576 |     17 |    433 |    574 |   2 |  796.5 |
     Snake Pit |   4959 |   4604 |    355 |    812 |   1658 |   4 | 1239.8 |
  Orcish Mines |   1684 |   1615 |     69 |    164 |    261 |   2 |  842.0 |
      Ice Cave |    579 |    579 |      0 |    150 |     46 |   1 |  579.0 |
       Volcano |    268 |    268 |      0 |     52 |      0 |   1 |  268.0 |
      Gauntlet |    617 |    617 |      0 |    153 |      0 |   1 |  617.0 |
               +--------+--------+--------+--------+--------+-----+--------+

Top non-repeatable levels by time:
     D:6: 2196 daAuts
  Lair:6: 1541 daAuts
 Snake:4: 1509 daAuts
  Lair:2: 1448 daAuts
 Snake:1: 1405 daAuts
     D:9: 1386 daAuts
  Lair:5: 1365 daAuts
     D:5: 1304 daAuts
    D:11: 1274 daAuts
     D:8: 1234 daAuts
    D:12: 1226 daAuts
    D:15: 1210 daAuts
     D:1: 1109 daAuts
   Orc:2: 1109 daAuts
 Snake:2: 1086 daAuts
